 Dungeon Crawl Stone Soup version 0.30-b1-2-g02819fbbbe (webtiles) character file.

Game seed: 8305679657503436992

29 Alarkh the Digger (level 3, 24/24 HPs)
             Began as a Demonspawn Earth Elementalist on May 29, 2023.
             Got out of the dungeon alive.
             The game lasted 00:00:48 (623 turns).

Alarkh the Digger (Demonspawn Earth Elementalist)    Turns: 623, Time: 00:00:49

Health: 24/24      AC:  2    Str:  8    XL:     3   Next: 1%
Magic:  6/6        EV: 12    Int: 18    God:
Gold:   119        SH:  0    Dex: 13    Spells: 5/6 levels left

rFire   . . .        h - +0 short sword
rCold   . . .        (no shield)
rNeg    . . .        a - +0 robe
rPois   .            (helmet restricted)
rElec   .            (no cloak)
rCorr   .            (no gloves)
SInv    .            (no boots)
Will    .....        (no amulet)
Stlth   ++           (no ring)
HPRegen 0.24/turn    (no ring)
MPRegen 0.10/turn

%: no passive effects
@: no status effects
A: horns 1, demonic guardian 1
a: no special abilities


You escaped.
You visited 1 branch of the dungeon, and saw 2 of its levels.

You collected 119 gold pieces.

Inventory:

Hand Weapons
 h - a +0 short sword (weapon)
Armour
 a - a +0 robe (worn)
Scrolls
 g - 2 scrolls of blinking
Potions
 b - a potion of magic
 c - 2 potions of mutation {unknown}
 d - a potion of ambrosia {unknown}
 e - a potion of curing {unknown}
 f - a potion of lignification {unknown}
 i - a potion of degeneration {unknown}


   Skills:
 - Level 1.7 Dodging
 - Level 1.7 Stealth
 + Level 2.4 Spellcasting
 - Level 0.8 Transmutations
 * Level 3.5 Earth Magic


You had 5 spell levels left.
You knew the following spells:

 Your Spells              Type           Power      Damage    Failure   Level
a - Sandblast             Erth           28%        2d8       4%          1

Your spell library contained the following spells:

 Spells                   Type           Power      Damage    Failure   Level
 Passwall                 Tmut/Erth      8%         N/A       11%         2
 Stone Arrow              Conj/Erth      16%        3d8       26%         3
 Petrify                  Tmut/Erth      10%        N/A       56%         4


Dungeon Overview and Level Annotations

Branches:
Dungeon (2/15)

Altars:


Innate Abilities, Weirdness & Mutations

You have a pair of small horns on your head.
A weak demonic guardian rushes to your aid.


Message History

Found 2 gold pieces and a grey potion.
The kobold shouts!
Casting: Sandblast (safe; 4% risk of failure)
Confirm with . or Enter, or press ? or * to list all spells.
Aiming: Sandblast (safe; 4% risk of failure)
Press: ? - help, Shift-Dir - straight line, f - kobold
Aim: a kobold, wielding a +0 dagger (77% to hit)
The blast of sand hits the kobold.
You kill the kobold!
Casting: Sandblast (safe; 4% risk of failure)
Confirm with . or Enter, or press ? or * to list all spells.
You can't see any susceptible monsters within range! (Use Z to cast anyway.)
Found a leather armour.
You now have 100 gold pieces (gained 2).
You now have 105 gold pieces (gained 5).
You now have 119 gold pieces (gained 14).
i - a grey potion
Found a stone staircase leading down.
A hobgoblin comes into view.
A hobgoblin is nearby!
Casting: Sandblast (safe; 4% risk of failure)
Confirm with . or Enter, or press ? or * to list all spells.
Aiming: Sandblast (safe; 4% risk of failure)
Press: ? - help, Shift-Dir - straight line, f - hobgoblin
Aim: a hobgoblin (82% to hit)
The blast of sand hits the hobgoblin!
You kill the hobgoblin!
You have reached level 3!
Your experience leads to an increase in your attributes!
Increase (S)trength, (I)ntelligence, or (D)exterity?
You feel clever. x2; Your demonic ancestry asserts itself...
A pair of horns grows on your head!
You see here a hobgoblin corpse.
There is a stone staircase leading down here.
Found a stone staircase leading down.
You open the door.
There is an open door here.
There is a staircase leading out of the dungeon here.
Are you sure you want to leave the Dungeon?
This will make you lose the game!
You have escaped!

..........#
..........###
#...........###########
#.........#...........#
#.........######'####.#
...........##.......#.#
...........##.8.8.8.#.#
...........##.......#.#
............'.8.@.8.+.#
##########..#.......###
# #.##.8.8.8.# #
#.##.......# #
#.#####+#### #
#.......# #########


There were no monsters in sight!

Vanquished Creatures
  An adder (D:2)
  2 endoplasms
  2 goblins
  3 hobgoblins
  3 kobolds
  2 quokkas (D:1)
  A ball python (D:1)
  A bat (D:2)
  3 frilled lizards (D:1)
  A rat (D:1)
19 creatures vanquished.

Notes
Turn   | Place    | Note
-------+----------+-------------------------------------------
     0 | D:1      | Alarkh the Demonspawn Earth Elementalist began the quest
                  | for the Orb.
     0 | D:1      | Reached XP level 1. HP: 13/13 MP: 3/3
    77 | D:1      | You fall into a shaft and drop 1 floor!
   136 | D:2      | Reached skill level 3 in Earth Magic
   136 | D:2      | Gained mutation: A weak demonic guardian rushes to your
                  | aid. [demonic ancestry]
   136 | D:2      | Reached XP level 2. HP: 19/19 MP: 1/5
   585 | D:1      | Gained mutation: You have a pair of small horns on your
                  | head. [demonic ancestry]
   585 | D:1      | Reached XP level 3. HP: 24/24 MP: 4/6
   623 | D:$      | Got out of the dungeon alive.

Illustrated notes

Levels and vault maps discovered:
D:1:      doesnt_arrival_eight_statues, layout_rooms, roderic_nine_men_s_morris,
          minmay_misc_feat_chi
D:2:      layout_loops_ring, minmay_stone_trees_small, uniq_crazy_yiuf_cottage,
          uniq_jessica

Skill      XL: |  1 |
---------------+----+-----
Earth Magic    | 3 |  3.5
Dodging        | |  1.7
Stealth        | |  1.7
Spellcasting   | |  2.4
Transmutations | |  0.8

Action                     || total
---------------------------++-------
   Cast: Sandblast         ||    24
    Use: Scroll            ||     1
  Dodge: Dodged            ||     4
